 Dungeon Crawl Stone Soup version 0.22.1-1-ga44c0e56f4 (webtiles) character file.

268 Kaderl the Slasher (level 6, 0/48 HPs)
             Began as a Merfolk Fighter on Oct 3, 2018.
             Killed from afar by an orc wizard (3 damage)
             ... with a puff of flame
             ... on level 4 of the Dungeon.
             The game lasted 00:08:46 (3090 turns).

Kaderl the Slasher (Merfolk Fighter)                Turns: 3090, Time: 00:08:47

Health: 0/48       AC:  8    Str: 17    XL:     6   Next: 21%
Magic:  6/6        EV:  8    Int:  8    God:
Gold:   201        SH:  9    Dex: 14    Spells: 5/5 levels left

rFire    . . .     SeeInvis .   a - +0 long sword
rCold    . . .     Gourm    .   c - +0 shield
rNeg     . . .     Faith    .   b - +0 scale mail
rPois    +         Spirit   .   h - +0 helmet
rElec    .         Reflect  .   i - +0 cloak
rCorr    .         Harm     .   (no gloves)
MR       .....                  (no boots)
Stlth    ..........             (no amulet)
HPRegen  0.16/turn              m - ring of poison resistance
MPRegen  0.10/turn              (no ring)

@: no status effects
A: change form in water, swift swim, stealthy swim
a: no special abilities


You were on level 4 of the Dungeon.
You were not hungry.

You visited 1 branch of the dungeon, and saw 4 of its levels.

You collected 201 gold pieces.

Inventory:

Hand Weapons
 a - a +0 long sword (weapon)
Armour
 b - a +0 scale mail (worn)
 c - a +0 shield (worn)
 h - a +0 helmet (worn)
 i - a +0 cloak (worn)
Jewellery
 m - a ring of poison resistance (left hand)
Wands
 q - a wand of paralysis (8)
Scrolls
 g - a scroll of magic mapping
 j - 4 scrolls of identify
 l - 5 scrolls of remove curse
 r - 2 scrolls of fear
 t - a scroll of teleportation {unknown}
Potions
 d - 2 potions of might
 e - a potion of invisibility
 k - a potion of haste
 o - 3 potions of curing
 p - a potion of flight
 u - a potion of resistance {unknown}
Comestibles
 f - 2 rations


   Skills:
 + Level 3.9 Fighting
 + Level 4.7 Long Blades
 + Level 2.6 Armour
 + Level 3.0 Dodging
 + Level 0.1 Stealth
 + Level 4.0 Shields


You had 5 spell levels left.
You didn't know any spells.
Your spell library was empty.

Dungeon Overview and Level Annotations

Branches:
Dungeon (4/15)
 Temple: D:4-7

Altars:
Ashenzari
Cheibriados

Annotations:
D:3 1 runed door, Riddle's ghost, amateur FoAK


Message History

The orc wizard barely misses you.
The howler monkey hoots and howls with incredible vigour!
The orc wizard closely misses you.
Your shield and scale mail prevent you from hitting the orc wizard.
The orc wizard is severely wounded.
The orc wizard hits you with a dagger.
* * * LOW HITPOINT WARNING * * *
The orc wizard points at you and mumbles some strange words.
The puff of flame hits you!
* * * LOW HITPOINT WARNING * * *
You hit the orc wizard.
The orc wizard is almost dead.
You block the orc wizard's attack.
The orc wizard gestures at you while chanting.
The puff of frost hits you!
You barely miss the orc wizard.
The orc wizard is almost dead.
The orc wizard gestures at you while chanting.
The puff of flame hits you!
You die...

#.# #.# #.# #.##
#..##
#########.#.#
######........###.
#......#######.#.#
#@###### ##...##
#o# #.....#


.ho ##..... ##.## ##.### #.. #.# ##. #.# . #+ .= You could see a howler monkey,
an orc wizard and an orc.

Vanquished Creatures
  An orc priest (D:3)
  Jessica (D:3)
  An iguana (D:4)
  2 worker ants
  4 adders
  2 oozes
  A worm (D:2)
  5 dart slugs
  5 leopard geckos (D:3)
  11 orcs
  2 giant cockroaches
  7 goblins
  3 hobgoblins
  A jackal (D:4)
  A quokka (D:3)
  8 bats
  A frilled lizard (D:2)
  7 kobolds
  6 rats
69 creatures vanquished.

Notes
Turn   | Place    | Note
-------+----------+-------------------------------------------
     0 | D:1      | Kaderl the Merfolk Fighter began the quest for the Orb.
     0 | D:1      | Reached XP level 1. HP: 18/18 MP: 1/1
   485 | D:1      | Reached XP level 2. HP: 24/24 MP: 2/2
   913 | D:2      | Reached XP level 3. HP: 29/29 MP: 3/3
  1043 | D:2      | Found a snail-covered altar of Cheibriados.
  1047 | D:2      | Reached XP level 4. HP: 25/35 MP: 4/4
  1808 | D:3      | Reached skill level 1 in Dodging
  2111 | D:3      | Reached XP level 5. HP: 10/42 MP: 5/5
  2445 | D:3      | Noticed Jessica
  2458 | D:3      | Killed Jessica
  2486 | D:3      | Found a shattered altar of Ashenzari.
  2640 | D:3      | Found a runed door.
  2641 | D:3      | Noticed Riddle's ghost (amateur FoAK)
  2788 | D:4      | Reached XP level 6. HP: 29/48 MP: 6/6
  3090 | D:4      | Killed from afar by an orc wizard

Skill      XL: |  1  2  3  4  5  6 |
---------------+-------------------+-----
Long Blades    | 3 4 |  4.7
Dodging        | 2 3 |  3.0
Shields        | 4 |  4.0
Fighting       | |  3.9
Armour         | |  2.6
Stealth        | |  0.1

Action                   |  1- 3 |  4- 6 || total
-------------------------+-------+-------++-------
Melee: Long sword        |    73 |   194 ||   267
  Use: Scroll            |     3 |     8 ||    11
  Eat: Ration            |     1 |     2 ||     3
Armor: Scale mail        |    39 |    87 ||   126
Dodge: Dodged            |    22 |    61 ||    83
Block: Shield            |    44 |    91 ||   135
       Rpst.: Long sword |    12 |    15 ||    27
